 Dungeon Crawl Stone Soup version 0.24-a0-136-gad582e5 (webtiles) character file.

Game seed: 17465056902473786074

325 Gorice the Chopper (level 6, -4/52 HPs)
             Began as a Hill Orc Wanderer on Feb 28, 2019.
             Splashed by an orc's acid (15 damage)
             ... on level 4 of the Dungeon.
             The game lasted 00:16:03 (3379 turns).

Gorice the Chopper (Hill Orc Wanderer)              Turns: 3379, Time: 00:16:04

Health: -4/52      AC: 10    Str: 17    XL:     6   Next: 48%
Magic:  6/6        EV:  7    Int: 13    God:
Gold:   135        SH:  0    Dex:  9    Spells: 5/5 levels left

rFire    . . .     SeeInvis +   a - +0 hand axe
rCold    . . .     Gourm    .   (no shield)
rNeg     . . .     Faith    .   j - +0 chain mail
rPois    .         Spirit   .   k - +2 hat {SInv}
rElec    .         Reflect  .   i - +1 cloak
rCorr    .         Harm     .   p - +0 pair of gloves
MR       .....                  (no boots)
Stlth    ..........             (no amulet)
HPRegen  0.17/turn              c - ring of flight
MPRegen  0.10/turn              (no ring)

@: corroded, lightly drained
A: no striking features
a: Evoke Flight


You were on level 4 of the Dungeon.
You were not hungry.

You visited 1 branch of the dungeon, and saw 4 of its levels.
You also visited: Ossuary.

You collected 135 gold pieces.

Inventory:

Hand Weapons
 a - a +0 hand axe (weapon)
 b - a +0 shortbow
 f - a +0 dagger
 B - a +2 blowgun
Missiles
 d - 46 arrows
 n - 3 curare-tipped needles
 t - 31 poisoned needles
 Y - 90 stones (quivered)
Armour
 i - a +1 cloak (worn)
 j - a +0 chain mail (worn)
 k - a +2 hat of see invisible (worn)
   (You found it on level 2 of the Dungeon)
 p - a +0 pair of gloves (worn)
Jewellery
 c - a ring of flight (left hand)
Wands
 y - a wand of polymorph (5)
Scrolls
 e - 6 scrolls of teleportation {!r}
 r - a scroll of enchant armour {unknown}
 w - a scroll of remove curse
Potions
 h - a potion of flight
 l - a potion of resistance {!q}
 m - a potion of magic {!q}
 o - 3 potions of agility {!q}
 q - 4 potions of heal wounds {!q}
 s - a potion of invisibility {unknown}
 u - a potion of cancellation {unknown}
 v - a potion of might {!q}
 x - a potion of lignification {unknown}
 A - a potion of degeneration {unknown}
Comestibles
 g - 10 rations


   Skills:
 - Level 4.1(3.5) Fighting
 * Level 6.1(5.5) Axes
 - Level 2.6(2.1) Bows
 - Level 1.0(0.5) Throwing
 + Level 4.7(4.1) Armour
 - Level 1.0(0.5) Evocations


You had 5 spell levels left.
You didn't know any spells.
Your spell library was empty.

Dungeon Overview and Level Annotations

Branches:
Dungeon (4/15)
 Temple: D:4-7

Altars:
Elyvilon
Wu Jian


Message History

You barely miss the jackal.
The jackal is almost dead.
The jackal bites you but does no damage.
The jackal closely misses you.
You hit the jackal.
You kill the jackal!
No target in view!
No target in view!
No target in view!
Found a stone staircase leading down.
A frilled lizard comes into view.
The frilled lizard bites you but does no damage.
You miss the frilled lizard.
An orc comes into view. It is carrying a wand of acid (4).
The frilled lizard closely misses you.
Your chain mail prevents you from hitting the frilled lizard.
The orc shouts!
The orc throws a stone.
The stone hits you but does no damage.
The frilled lizard bites you but does no damage.
You miss the frilled lizard.
The orc throws a stone.
The stone hits you but does no damage.
The frilled lizard bites you but does no damage.
You hit the frilled lizard but do no damage.
The orc throws a stone.
The stone hits you but does no damage.
The frilled lizard bites you but does no damage.
You slash the frilled lizard!
You kill the frilled lizard!
The orc throws a stone.
The stone barely misses you.
The orc throws a stone.
The stone barely misses you.
The orc zaps a wand.
The bolt of acid hits you! The acid corrodes you!
You are splashed with acid!
Damage: 22 (max 22)
The orc throws a stone.
The stone hits you but does no damage.
You see here a stone.
The orc hits you but does no damage.
You hit the orc.
The orc is lightly wounded.
The orc hits you.
You hit the orc.
The orc is heavily wounded.
The orc completely misses you.
You hit the orc.
The orc is almost dead.
The orc hits you but does no damage.
Your chain mail prevents you from hitting the orc.
The orc is almost dead.
The orc zaps a wand.
The bolt of acid hits you!!
* * * LOW HITPOINT WARNING * * *
You are splashed with acid!
You die...

##### #...# #####
#####...#####....
#######...............#
......o@(.......# ...#
#######.#.......## #..#
#.##.†((..>###..#
............#....#
........#...#.##.##
.##.##.............. #.
#.##.............. #
#.###.........#...
#......#..#..#


You could see an orc.

Vanquished Creatures
  A wight (Ossuary)
  A centaur zombie (Ossuary)
  An iguana (D:3)
  A worker ant (D:4)
  10 adders
  An ooze (D:2)
  2 adder zombies
  2 worms
  4 dart slugs
  2 leopard geckos
  2 orcs (D:3)
  10 bats
  4 giant cockroaches
  7 goblins
  8 hobgoblins
  9 jackals
  A quokka (D:2)
  4 ball pythons
  2 frilled lizards
  3 hobgoblin skeletons (Ossuary)
  2 hobgoblin zombies (Ossuary)
  10 kobolds
  A kobold zombie (Ossuary)
  An orc zombie (Ossuary)
  9 rats
98 creatures vanquished.

Notes
Turn   | Place    | Note
-------+----------+-------------------------------------------
     0 | D:1      | Gorice the Hill Orc Wanderer began the quest for the Orb.
     0 | D:1      | Gorice set off with the following items: 3 curare-tipped
                  | needles, a +2 blowgun, a +0 shortbow, 24 arrows, a scroll
                  | of teleportation {!r}, a +0 robe, a ration
     0 | D:1      | Reached XP level 1. HP: 14/14 MP: 1/1
    79 | D:1      | Reached skill level 1 in Fighting
   152 | D:1      | Reached skill level 2 in Fighting
   152 | D:1      | Reached XP level 2. HP: 22/24 MP: 2/2
   502 | D:1      | Reached XP level 3. HP: 29/30 MP: 3/3
   906 | D:1      | Reached skill level 3 in Fighting
   952 | D:2      | Found an ornate altar of the Wu Jian Council.
   959 | D:2      | Reached skill level 3 in Armour
  1081 | D:2      | Reached XP level 4. HP: 38/38 MP: 4/4
  1248 | D:2      | Found a white marble altar of Elyvilon.
  1787 | D:3      | Reached skill level 4 in Fighting
  1787 | D:3      | Reached XP level 5. HP: 37/46 MP: 5/5
  1897 | D:3      | Found a faded altar of an unknown god.
  2154 | D:3      | Reached skill level 4 in Armour
  2463 | D:4      | Reached skill level 5 in Axes
  2484 | D:4      | Found a sand-covered staircase.
  2492 | Ossuary  | Entered an ossuary
  2550 | Ossuary  | Reached XP level 6. HP: 52/52 MP: 6/6
  2609 | Ossuary  | Noticed a wraith
  2609 | Ossuary  | Noticed a flying skull
  2620 | Ossuary  | Noticed a flying skull
  2620 | Ossuary  | Noticed a flying skull
  2636 | Ossuary  | Noticed a flying skull
  2656 | Ossuary  | HP: 15/52 [wight/+0 flail (1)]
  2902 | Ossuary  | Noticed a wraith
  2924 | Ossuary  | HP: 13/52 [wraith (10)]
  2927 | Ossuary  | HP: 4/52 [wraith (10)]
  3042 | D:4      | Reached skill level 6 in Axes
  3379 | D:4      | HP: 11/52 [orc/wand of acid (3) (18)]
  3379 | D:4      | Splashed by an orc's acid

Levels and vault maps discovered:
D:1:      nzn_arrival_crosshair, layout_loops_corners
D:2:      minmay_diamond_boxcup, layout_rooms, lemuel_round_altar,
          lemuel_round_altar, first_ration
D:3:      minmay_chambers_of_threes, layout_basic,
          chequers_ecumenical_altar_twisty
D:4:      layout_loops_ring, enter_ossuary_2, saegor_snake_ambush,
          uniq_crazy_yiuf_cottage
Ossuary:  ossuary_due_cavern

Skill      XL: |  1  2  3  4  5  6 |
---------------+-------------------+-----
Fighting       | 2 3 4 |  4.1
Armour         | 3 4 |  4.7
Axes           | 5 6 |  6.1
Bows           | |  2.6
Throwing       | |  1.0
Evocations     | |  1.0

Action                   |  1- 3 |  4- 6 || total
-------------------------+-------+-------++-------
Melee: Unarmed           |       |     7 ||     7
       Hand axe          |       |   249 ||   249
 Fire: Shortbow          |    99 |    81 ||   180
Throw: Stone             |       |    20 ||    20
  Use: Scroll            |     2 |    10 ||    12
       Potion            |       |     4 ||     4
  Eat: Chunk             |       |     8 ||     8
Armor: Robe              |     4 |       ||     4
       Chain mail        |    36 |   234 ||   270
Dodge: Dodged            |    16 |   128 ||   144

Table legend:
 A = Non-vault XP
 B = Vault XP
 C = Vault XP percentage of total XP
 D = Non-vault monster count
 E = Vault monster count
 F = Vault count percentage of total count
                 A         B        C        D         E       F
            +---------+---------+-------+---------+---------+-------
      Total |     210 |     255 |  54.8 |      64 |      34 |  34.7
            +---------+---------+-------+---------+---------+-------
        D:1 |      56 |       0 |   0.0 |      26 |       0 |   0.0
        D:2 |      43 |      31 |  41.9 |      16 |       8 |  33.3
        D:3 |      60 |      81 |  57.4 |      14 |      12 |  46.2
        D:4 |      51 |      29 |  36.2 |       8 |       4 |  33.3
    Ossuary |       0 |     114 | 100.0 |       0 |      10 | 100.0
            +---------+---------+-------+---------+---------+-------

Table legend:
 A = Turns spent in this place as a percentage of turns spent in the entire game.
 B = Non-inter-level travel turns spent in this place as a percentage of non-inter-level travel turns spent in the entire game.
 C = Inter-level travel turns spent in this place as a percentage of turns spent in this place.
 D = Turns resting spent in this place as a percentage of non-inter-level travel turns spent in this place.
 E = Turns spent auto-exploring this place as a percentage of non-inter-level travel turns spent in this place.
 F = Non-inter-level travel turns spent in this place divided by the number of levels of this place that you've seen.
                   A       B       C       D       E      F
               +-------+-------+-------+-------+-------+----------------------
         Total | 100.0 | 100.0 |   2.3 |  11.1 |  48.6 | 660.2
       Dungeon |  85.2 |  84.9 |   2.7 |   4.9 |  54.7 | 700.5
       Ossuary |  14.8 |  15.1 |   0.0 |  45.5 |  14.4 | 499.0
               +-------+-------+-------+-------+-------+----------------------

Levels and vault maps discovered:
D:1:      nzn_arrival_crosshair, layout_loops_corners
D:2:      minmay_diamond_boxcup, layout_rooms, lemuel_round_altar,
          lemuel_round_altar, first_ration
D:3:      minmay_chambers_of_threes, layout_basic,
          chequers_ecumenical_altar_twisty
D:4:      layout_loops_ring, enter_ossuary_2, saegor_snake_ambush,
          uniq_crazy_yiuf_cottage
Ossuary:  ossuary_due_cavern
